 Dungeon Crawl Stone Soup version 0.31-a0-435-g2c6fae2916 (webtiles) character file.

Game seed: 18127001317890929431

119 Dirtsage the Changeling (level 5, -2/34 HPs)
             Began as an Octopode Shapeshifter on Aug 1, 2023.
             Was an Initiate of Elyvilon.
             Splashed by a jelly's acid (8 damage)
             ... on level 4 of the Dungeon.
             The game lasted 00:04:32 (2370 turns).

Dirtsage the Changeling (Octopode Shapeshifter)     Turns: 2370, Time: 00:04:33

Health: -2/34      AC: -3    Str: 16    XL:     5   Next: 3%
Magic:  5/5        EV: 13    Int: 10    God:    Elyvilon [......]
Gold:   148        SH:  0    Dex: 13    Spells: 4/4 levels left

rFire   . .          .
                       - Unarmed
rCold   . . .        (no shield)
rNeg    . . .        (helmet currently unavailable)
rPois   .            (no amulet)
rElec   .            (no ring)
rCorr   .            (no ring)
SInv    .            (no ring)
Will    .....        (no ring)
Stlth   ++           (no ring)
HPRegen 0.25/turn    (no ring)
MPRegen 0.09/turn    (no ring)
                     (no ring)

%: no passive effects
@: beast-form, corroded
A: beast (slay +2), almost no armour, amphibious, 8 rings, camouflage 1,
gelatinous body 1, (nimble swimmer 1), tentacles
a: Begin Untransformation, Renounce Religion


You were on level 4 of the Dungeon.
You worshipped Elyvilon.
Elyvilon was noncommittal.
You were a hulking beast.
You visited 1 branch of the dungeon, and saw 4 of its levels.

You collected 148 gold pieces.

Inventory:

Talismans
 b - a beast talisman (active)
Scrolls
 c - 2 scrolls of vulnerability {unknown}
 d - 4 scrolls of enchant weapon {unknown}
 e - 7 scrolls of identify {unknown}
 h - a scroll of poison {unknown}
 i - 2 scrolls of blinking {unknown}
 m - a scroll of fog {unknown}
Potions
 a - 2 potions of lignification
 f - 2 potions of mutation {unknown}
 g - a potion of ambrosia {unknown}
 j - a potion of curing {unknown}
 k - a potion of brilliance {unknown}
 l - a potion of heal wounds {unknown}
 n - a potion of might {unknown}


   Skills:
 + Level 2.1 Fighting
 - Level 2.0 Dodging
 + Level 3.6 Unarmed Combat
 * Level 4.2 Shapeshifting


You had 4 spell levels left.
You didn't know any spells.
Your spell library contained the following spells:

 Spells                   Type           Power      Damage    Failure   Level
 Kiss of Death            Conj/Necr      0%         2d5       36%         1
 Ensorcelled Hibernation  Hex/Ice        0%         N/A       50%         2
 Confusing Touch          Hex            0%         N/A       75%         3
 Anguish                  Hex/Necr       0%         N/A       98%         4
 Dispel Undead            Necr           0%         3d6       98%         4


Dungeon Overview and Level Annotations

Branches:
Dungeon (4/15)
 Temple: D:4-7

Altars:
Elyvilon
Kikubaaqudgha


Innate Abilities, Weirdness & Mutations

You are a hulking beast.
Your limbs bulge with bestial killing power. (Slay +2)
You cannot wear most types of armour.
You are amphibious.
You can wear up to eight rings at the same time.
Your skin changes colour to match your surroundings (Stealth+).
Your rubbery body absorbs attacks. (AC +1, EV +1)
((You are camouflaged when in or above water. (Stealth+)))
You have tentacles for arms and can constrict up to eight enemies at once.


Message History

f - 2 lumpy purple potions (gained 1)
Found a stone staircase leading down.
Health restored: 34 A jelly comes into view.
There is a stone staircase leading down here.
The jelly quivers.
The jelly hits you.
You are splashed with acid!
You take 11 damage, and have 23/34 hp.
MASSIVE DAMAGE!!
You are too injured to fight recklessly!
You are too injured to fight recklessly!
You are too injured to fight recklessly!
You are too injured to fight recklessly!
You are too injured to fight recklessly!
You are too injured to fight recklessly!
You are too injured to fight recklessly!
You are too injured to fight recklessly!
You are too injured to fight recklessly!
You are too injured to fight recklessly!
You are too injured to fight recklessly!
You are too injured to fight recklessly!
You are too injured to fight recklessly!
You are too injured to fight recklessly!
You are too injured to fight recklessly!
You are too injured to fight recklessly!
You are too injured to fight recklessly!
You are too injured to fight recklessly!
You are too injured to fight recklessly!
You are too injured to fight recklessly!
You tentacle-slap the jelly.
Your tentacles burn!
The jelly is moderately wounded.
The jelly hits you. The acid corrodes you!
You are splashed with acid!
You take 11 damage, and have 12/34 hp.
MASSIVE DAMAGE!!
You bludgeon the jelly!
Your tentacles burn!
* * * LOW HITPOINT WARNING * * *
The jelly is severely wounded.
The jelly jiggles.
The jelly hits you.
* * * LOW HITPOINT WARNING * * *
You are splashed with acid!
You die...

. #.# .. #.# #.####.#
..(.##.# #..#.## # #.....#
#.###.##.>############
#.......#.#..........#
#...Jh..#.#..........#
#....:..#.#..........#
#.......#.#..........#
#.###+###.#..........#
#.....# #.#..........#
+..#.....# #.#...(......#
#....<..###............#
#.......................#
..........###.....########


You could see a jelly.

Vanquished Creatures
  4 gnolls (D:3)
  2 adders
  A worm (D:3)
  3 dart slugs
  An orc (D:3)
  9 endoplasms
  3 giant cockroaches
  4 goblins
  3 hobgoblins (D:1)
  6 kobolds
  2 quokkas
  5 ball pythons
  5 bats
  3 frilled lizards
  3 rats
54 creatures vanquished.

Notes
Turn   | Place    | Note
-------+----------+-------------------------------------------
     0 | D:1      | Dirtsage the Octopode Shapeshifter began the quest for the
                  | Orb.
     0 | D:1      | Reached XP level 1. HP: 13/13 MP: 1/1
    58 | D:1      | Reached XP level 2. HP: 18/18 MP: 2/2
   406 | D:1      | Reached XP level 3. HP: 18/23 MP: 3/3
   801 | D:2      | Found an ancient bone altar of Kikubaaqudgha.
  1578 | D:3      | Found a faded altar of an unknown god.
  1588 | D:3      | Reached XP level 4. HP: 20/29 MP: 4/4
  1933 | D:3      | Reached skill level 4 in Shapeshifting
  2053 | D:3      | Reached XP level 5. HP: 26/34 MP: 5/5
  2103 | D:3      | Found a white marble altar of Elyvilon.
  2137 | D:3      | Became a worshipper of Elyvilon the Healer
  2370 | D:4      | Splashed by a jelly's acid

Illustrated notes

Levels and vault maps discovered:
D:1:      amcnicky_arrival_underground_garden, layout_basic
D:2:      layout_loops_corners, basic_altar, grunt_decor_fettered
D:3:      layout_loops_ring, mainiacjoe_overflow_brackets,
          hellmonk_ecumenical_altar_arch_garden
D:4:      layout_basic

Skill      XL: |  1  2  3  4 |
---------------+-------------+-----
Shapeshifting  | 4 |  4.2
Fighting       | 2 |  2.1
Dodging        | |  2.0
Unarmed Combat | |  3.6

Action                     |  1- 3 |  4- 6 || total
---------------------------+-------+-------++-------
  Melee: Unarmed           |    67 |    31 ||    98
         Constrict         |    18 |     8 ||    26
         Tentacles         |    15 |     6 ||    21
         Punch             |     1 |     2 ||     3
   Stab: Sleeping          |     6 |     4 ||    10
 Armour: Skin              |     5 |       ||     5
  Dodge: Dodged            |    36 |    12 ||    48

Table legend: (Time is in decaauts)
 A = Elapsed time spent in this place.
 B = Non-inter-level travel time spent in this place.
 C = Inter-level travel time spent in this place.
 D = Time resting spent in this place.
 E = Time spent auto-exploring this place.
 F = Levels seen in this place.
 G = Mean time per level.
                   A        B        C        D        E       F      G
               +--------+--------+--------+--------+--------+-----+--------+
         Total |   2362 |   2295 |     67 |      0 |   1936 |   4 |  590.5 |
       Dungeon |   2362 |   2295 |     67 |      0 |   1936 |   4 |  590.5 |
               +--------+--------+--------+--------+--------+-----+--------+

Top non-repeatable levels by time:
     D:2: 787 daAuts
     D:1: 778 daAuts
     D:3: 757 daAuts
     D:4: 39 daAuts
